 Dungeon Crawl Stone Soup version 0.25-a0-424-g80bd347ae0 (webtiles) character file.

Game seed: 10604989487448065574, levelgen mode: deterministic

150148 Hasart the Unseen (level 18, -8/116 HPs)
             Began as a Kobold Hunter on Jan 20, 2020.
             Was the Champion of Okawaru.
             Splashed by a deep elf sorcerer's acid (9 damage)
             ... on level 3 of the Elven Halls.
             The game lasted 01:52:56 (33424 turns).

Hasart the Unseen (Kobold Hunter)                  Turns: 33424, Time: 01:52:57

Health: -8/116     AC: 14    Str: 14    XL:     18   Next: 15%
Magic:  27/27      EV: 22    Int: 13    God:    Okawaru [******]
Gold:   1967       SH:  5    Dex: 12    Spells: 17/17 levels left

rFire    x . .     SeeInvis .   N - +6 quick blade
rCold    + . .     Gourm    .   Z - +1 buckler {AC+3}
rNeg     . . .     Faith    .   y - +1 troll leather armour {Purgy}
rPois    .         Spirit   .   X - +1 hat {MR+}
rElec    +         Reflect  .   O - +2 cloak
rCorr    .         Harm     .   L - +2 pair of gloves
MR       ++...                  r - +2 pair of boots {Fly}
Stlth    +++++++++.             a - amulet of regeneration
HPRegen  1.09/turn              s - ring of Xom's Righteous Fury {Ice +Blink rElec Dex-4 Slay+4}
MPRegen  0.20/turn              S - ring of Shadows {Umbra +Inv Stlth+}

@: corroded, flying, wreathed by umbra
A: small, horns 1, carnivore, clumsy 1
a: Heroism, Finesse, Renounce Religion, Evoke Blink, Evoke Invisibility, Stop
Flying


You were on level 3 of the Elven Halls.
You worshipped Okawaru.
Okawaru was exalted by your worship.
You were completely stuffed.

You visited 5 branches of the dungeon, and saw 27 of its levels.
You also visited: Sewer and Ice Cave.

You collected 3201 gold pieces.
You spent 1234 gold pieces at shops.

Inventory:

Hand Weapons
 j - a +2 dagger of electrocution
 N - a +6 quick blade (weapon)
 Q - the +11 trident of the Undead {speed, +Inv rElec rC- Int+4}
   (You found it on level 11 of the Dungeon)

   Attacks with this weapon are significantly faster.
   It affects your intelligence (+4).
   It makes you vulnerable to cold.
   It insulates you from electricity.
   It lets you turn invisible.
 Y - a +1 rapier of holy wrath
Missiles
 c - 40 boomerangs (quivered)
 d - 5 throwing nets
 p - 84 poisoned darts
 B - 9 curare-tipped darts
 G - 44 atropa-tipped darts
 K - 5 datura-tipped darts
 W - 8 silver boomerangs
Armour
 r - a +2 pair of boots of flying (worn)
 y - a +1 troll leather armour (worn) {Purgy}
 L - a +2 pair of gloves (worn)
 O - a +2 cloak (worn)
 T - +0 acid dragon scales
 X - a +1 hat of magic resistance (worn)
 Z - a +1 buckler of protection (worn)
Jewellery
 a - an amulet of regeneration (around neck)
 g - a +3 ring of slaying
 o - the ring "Yczu" {rPois rF+ rC++}
   (You bought it in a shop on level 2 of the Orcish Mines)

   [ring of protection from fire]

   It protects you from fire.
   It greatly protects you from cold.
   It protects you from poison.
 s - the ring of Xom's Righteous Fury (left hand) {Ice +Blink rElec Dex-4 Slay+4}
   (You found it on level 3 of the Lair of Beasts)

   [ring of ice]

   It enhances your ice magic.
   It affects your dexterity (-4).
   It affects your accuracy and damage with ranged weapons and melee attacks
   (+4).
   It makes you vulnerable to fire.
   It protects you from cold.
   It insulates you from electricity.
   It lets you blink.
 t - an uncursed ring of flight
 A - an uncursed ring of protection from magic
 I - an uncursed ring of resist corrosion
 S - the ring of Shadows (right hand) {Umbra +Inv Stlth+}
   (You found it on level 11 of the Dungeon)

   [ring of stealth]

   It lets you turn invisible.
   It makes you more stealthy.
Wands
 w - a wand of scattershot (10)
 P - a wand of iceblast (16)
 V - a wand of acid (5)
Scrolls
 b - 2 scrolls of magic mapping
 e - 12 scrolls of identify
 h - 2 scrolls of enchant armour
 i - 2 scrolls of enchant weapon
 k - 6 scrolls of amnesia
 m - 9 scrolls of remove curse
 v - 5 scrolls of teleportation
 C - 3 scrolls of fear
 E - 7 scrolls of fog
 M - 2 scrolls of blinking
Potions
 l - 2 potions of mutation
 n - 6 potions of flight
 q - 10 potions of curing
 u - 2 potions of lignification
 x - a potion of heal wounds
 z - 3 potions of berserk rage
 D - a potion of resistance
 F - 3 potions of might
 J - 2 potions of agility
 R - 2 potions of magic
 U - 2 potions of haste
Comestibles
 f - 53 rations


   Skills:
 + Level 13.7 Fighting
 + Level 15.7 Short Blades
 + Level 14.2 Throwing
 + Level 0.9 Armour
 + Level 14.9 Dodging
 + Level 17.1 Stealth
 + Level 1.0 Shields
 - Level 10.0 Invocations
 - Level 12.0 Evocations


You had 17 spell levels left.
You didn't know any spells.
Your spell library contained the following spells:

 Spells                   Type           Power        Failure   Level  Hunger
 Beastly Appendage        Tmut           #.....       52%         1    ##.....
 Corona                   Hex            #......      52%         1    ##.....
 Magic Dart               Conj           #...         52%         1    ##.....
 Sandblast                Erth           #.....       52%         1    ##.....
 Shock                    Conj/Air       #...         52%         1    ##.....
 Summon Small Mammal      Summ           #...         52%         1    ##.....
 Call Imp                 Summ           #.......     65%         2    ###....
 Ensorcelled Hibernation  Hex/Ice        #.....       65%         2    ###....
 Passwall                 Tmut/Erth      #.......     65%         2    ###....
 Searing Ray              Conj           #.....       65%         2    ###....
 Sticks to Snakes         Tmut           #.......     65%         2    ###....
 Swiftness                Chrm/Air       #.......     65%         2    ###....
 Call Canine Familiar     Summ           #.......     87%         3    ####...
 Confusing Touch          Hex            #.......     87%         3    ####...
 Dazzling Flash           Conj/Hex       #.....       87%         3    ####...
 Gell's Gravitas          Tloc           #.........   87%         3    ####...
 Spider Form              Tmut/Pois      #.........   87%         3    ####...
 Static Discharge         Conj/Air       #.......     87%         3    ####...
 Stone Arrow              Conj/Erth      #.....       87%         3    ####...
 Summon Guardian Golem    Hex/Summ       #.......     87%         3    ####...
 Tukima's Dance           Hex            #.......     87%         3    ####...
 Vampiric Draining        Necr           #.........   87%         3    ####...
 Airstrike                Air            #.........   99%         4    #####..
 Animate Dead             Necr           N/A          99%         4    #####..
 Cause Fear               Hex            #.........   99%         4    #####..
 Fulminant Prism          Conj/Hex       #.........   99%         4    #####..
 Ice Form                 Ice/Tmut       #.......     99%         4    #####..
 Iskenderun's Mystic Bla  Conj/Tloc      #.......     99%         4    #####..
 Petrify                  Tmut/Erth      #.......     99%         4    #####..
 Summon Ice Beast         Ice/Summ       #.......     99%         4    #####..
 Summon Lightning Spire   Summ/Air       #.......     99%         4    #####..
 Blade Hands              Tmut           #.........   100%        5    ######.
 Excruciating Wounds      Chrm/Necr      #.........   100%        5    ######.
 Lee's Rapid Deconstruct  Erth           #.........   100%        5    ######.
 Lightning Bolt           Conj/Air       #.........   100%        5    ######.
 Metabolic Englaciation   Hex/Ice        #.........   100%        5    ######.
 Silence                  Hex/Air        #.........   100%        5    ######.
 Yara's Violent Unravell  Hex/Tmut       #.........   100%        5    ######.
 Deflect Missiles         Chrm/Air       #.........   100%        6    #######
 Discord                  Hex            #.........   100%        8    #######
 Tornado                  Air            #.........   100%        9    #######


Dungeon Overview and Level Annotations

Branches:
Dungeon (15/15)            Temple (1/1) D:5            Lair (6/6) D:9
 Shoals (0/4) Lair:2        Snake (0/4) Lair:2        Slime (0/5) Lair:6
    Orc (2/2) D:9             Elf (3/3) Orc:2        Vaults (0/5) D:14
 Depths (0/5) D:15          Sewer (visited)           IceCv (visited)

Altars:
Cheibriados
Elyvilon
Fedhas
Gozag
Kikubaaqudgha
Nemelex Xobeh
Okawaru
Sif Muna
Trog
Vehumet
Wu Jian
Xom
The Shining One
Jiyva

Shops:
D:7 (   D:10 %   Orc:2 (*[=   Elf:3 !

Annotations:
D:11 5 runed translucent doors, emiel's ghost, journeyman FoWn
Lair:4 1 runed translucent door, LostGamesStreakFreak's ghost, journeyman MfGl


Innate Abilities, Weirdness & Mutations

You are small and have problems with some larger weapons.
You are carnivorous and can eat meat at any time.
You have a pair of small horns on your head.
You are clumsy. (Dex -2)


Message History

Your Shields skill increases to level 1!
The deep elf annihilator casts a spell.
The deep elf annihilator blinks!
Unknown command.
The deep elf sorcerer points at you and mumbles some strange words.
The sphere of damnation explodes!
The damnation engulfs you!!
You hear a shout!
The deep elf sorcerer casts a spell at you.
The sphere of damnation explodes!
The damnation engulfs you!!!
* * * LOW HITPOINT WARNING * * *
Okay, then.
Press: ? - help, v - describe, . - travel
Here: a deep elf sorcerer, wielding a +4 short sword (fast, umbra)
The floor.
You feel much better.
The deep elf sorcerer gestures at you while chanting.
The bolt of acid hits you!!!
* * * LOW HITPOINT WARNING * * *
The acid corrodes you!
You are splashed with acid!
You die...

#...#.........#..................
#...#.........#...############'##
#...#.........#...#............^#
#...#.........#...#......)......#
#...#........<#...#...........).#
#...#.........#...#.............#
#...######'####...###############
................[.......(........
..............<.@.e....)...(.....
.................................
##...###################.########
#...# #.# #...# #)# #...# #e#
.#...# #)# .#...# #.# .#...# #.#


You could see a deep elf sorcerer.

Vanquished Creatures
  Rupert (Lair:3)
  A deep elf blademaster (Elf:3)
  A deep elf master archer (Elf:3)
  An orc warlord (Orc:2)
  2 deep elf sorcerers
  Nessos (Lair:6)
  A deep elf annihilator (Elf:3)
  A deep elf death mage (Elf:1)
  2 ice dragons (IceCv)
  Erolcha (D:9)
  A vault guard (D:14)
  A catoblepas (D:15)
  5 hydras
  Erica (Lair:2)
  3 centaur warriors
  5 two-headed ogres
  23 dancing weapons
  3 death yaks
  5 orc high priests (Orc:2)
  18 deep elf knights
  A skeletal warrior (D:15)
  3 unseen horrors
  A glowing orange brain (D:15)
  9 deep elf archers
  7 orc sorcerers
  3 necromancers (Elf:1)
  3 orc knights
  2 harpies (shapeshifter)
  A wolf spider zombie (D:12)
  6 ugly things
  Pikel (D:6)
  51 deep elf magi
  4 manticores
  A wolf spider (Lair:6)
  2 cyclopes
  2 centaur zombies
  10 elephants
  A guardian serpent (Lair:6)
  A torpor snail (Lair:6)
  An eye of devastation (shapeshifter) (D:15)
  2 ice statues (IceCv)
  9 black mambas
  14 spiny frogs
  A gargoyle (D:11)
  8 komodo dragons
  4 rime drakes
  3 jumping spiders (shapeshifter) (D:15)
  12 trolls
  4 hornets
  Grinder (D:6)
  6 slime creatures (D:15)
  A dream sheep (shapeshifter) (D:15)
  A hippogriff (Lair:5)
  Sigmund (D:3)
  16 blink frogs
  A meliai zombie (D:11)
  2 air elementals
  4 redbacks (Lair:6)
  50 yaks
  4 water elementals
  12 wyverns
  3 wraiths
  A basilisk (shapeshifter) (D:15)
  2 fire elementals
  A human (D:10)
  A hungry ghost (D:11)
  Eustachio (D:6)
  A steam dragon (shapeshifter) (D:15)
  A basilisk (Lair:2)
  4 vampire mosquitoes (D:12)
  6 wargs
  3 acid dragons
  3 soldier ants
  3 large abominations (Elf:1)
  19 water moccasins
  Duvessa (D:7)
  4 porcupines
  Purgy (Sewer)
  20 ice beasts
  34 orc warriors
  5 sky beasts
  10 ogres
  3 phantoms
  3 black bears
  17 centaurs
  An eye of draining (D:9)
  5 wolves (Lair:2)
  2 big kobolds (D:11)
  13 crocodiles
  5 elf zombies (Elf:1)
  22 bullfrogs
  A gnoll sergeant (D:6)
  An earth elemental (Elf:1)
  Dowan (D:7)
  A water moccasin zombie (D:7)
  3 scorpions
  22 killer bees
  10 wights
  6 crimson imps
  A bullfrog zombie (D:11)
  3 bullfrog skeletons
  4 centaur skeletons
  17 orc priests
  2 gnoll shamans
  5 hounds
  4 jellies
  27 orc wizards
  4 iguanas
  8 worker ants
  A hound zombie (D:9)
  2 worker ant zombies
  Robin (D:2)
  56 gnolls
  A howler monkey zombie (D:10)
  17 adders
  A howler monkey skeleton (D:7)
  7 shadow imps
  5 oozes
  An adder zombie (D:5)
  6 worms
  2 dart slugs (D:1)
  8 leopard geckos
  66 orcs
  8 bats
  10 giant cockroaches
  15 goblins (D:2)
  5 hobgoblins
  27 jackals
  6 quokkas
  2 ball pythons (D:5)
  3 frilled lizards
  21 kobolds
  7 rats
  A bush (Lair:5)
937 creatures vanquished.

Vanquished Creatures (others)
  A water elemental (Elf:1)
  A slave (D:6)
  An orc priest (Orc:1)
  An orc wizard (Orc:2)
  A gnoll (D:6)
  An orc (Orc:2)
  21 fungi
  5 plants
32 creatures vanquished.

Grand Total: 969 creatures vanquished

Notes
Turn   | Place    | Note
-------+----------+-------------------------------------------
     0 | D:1      | Hasart the Kobold Hunter began the quest for the Orb.
     0 | D:1      | Reached XP level 1. HP: 12/12 MP: 1/1
   340 | D:1      | Reached XP level 2. HP: 18/18 MP: 2/2
   642 | D:1      | Reached skill level 1 in Short Blades
   802 | D:1      | Reached skill level 2 in Stealth
   877 | D:1      | Reached XP level 3. HP: 22/22 MP: 3/3
  2078 | D:1      | Reached XP level 4. HP: 16/27 MP: 4/4
  2499 | D:1      | Reached skill level 3 in Stealth
  2871 | D:2      | Reached XP level 5. HP: 20/32 MP: 5/5
  3075 | D:2      | Noticed Robin
  3119 | D:2      | Reached skill level 5 in Throwing
  3151 | D:2      | Killed Robin
  3843 | D:3      | Reached XP level 6. HP: 31/37 MP: 6/6
  3939 | D:3      | You fall into a shaft and drop 2 floors!
  3939 | D:5      | Entered Level 5 of the Dungeon
  3952 | D:5      | Reached skill level 4 in Stealth
  4164 | D:3      | Noticed Sigmund
  4186 | D:3      | Killed Sigmund
  4186 | D:3      | Reached XP level 7. HP: 24/43 MP: 7/7
  4746 | D:4      | Reached skill level 5 in Stealth
  5488 | D:5      | Reached skill level 5 in Dodging
  5488 | D:5      | Reached XP level 8. HP: 21/48 MP: 8/8
  5861 | D:5      | Reached skill level 5 in Short Blades
  6065 | D:5      | Reached skill level 5 in Fighting
  6065 | D:5      | Reached skill level 6 in Stealth
  6393 | D:5      | Found a staircase to the Ecumenical Temple.
  6400 | Temple   | Entered the Ecumenical Temple
  6465 | Temple   | Became a worshipper of Warmaster Okawaru
  6680 | D:6      | Found a glowing drain.
  6707 | Sewer    | Entered a sewer
  6790 | Sewer    | Noticed Purgy
  6820 | Sewer    | Killed Purgy
  6896 | D:6      | Reached skill level 1 in Invocations
  6920 | D:6      | Reached XP level 9. HP: 44/54 MP: 9/9
  6958 | D:6      | Noticed Eustachio
  6959 | D:6      | Noticed Grinder
  6971 | D:6      | Killed Eustachio
  6971 | D:6      | Reached * piety under Okawaru
  7001 | D:6      | Noticed Pikel
  7015 | D:5      | Reached skill level 7 in Stealth
  7143 | D:6      | Killed Grinder
  7382 | D:6      | Killed Pikel
  7382 | D:6      | Reached ** piety under Okawaru
  7871 | D:6      | Reached skill level 8 in Stealth
  8308 | D:6      | Reached XP level 10. HP: 59/61 MP: 12/12
  8685 | D:6      | Noticed an orc knight
  9393 | D:7      | Noticed Duvessa
  9399 | D:7      | Noticed Dowan
  9400 | D:7      | Killed Duvessa
  9400 | D:7      | Reached skill level 1 in Evocations
  9408 | D:7      | Killed Dowan
  9445 | D:7      | Found a bloodstained altar of Trog.
  9602 | D:7      | Reached *** piety under Okawaru
  9602 | D:7      | Received a gift from Okawaru
  9804 | D:7      | Reached skill level 9 in Stealth
  9924 | D:7      | Found Gemast's Antique Weapon Boutique.
 10488 | D:8      | Reached **** piety under Okawaru
 10600 | D:8      | Noticed a two-headed ogre
 10631 | D:8      | Killed a two-headed ogre
 10631 | D:8      | Received a gift from Okawaru
 10631 | D:8      | Reached skill level 5 in Invocations
 10631 | D:8      | Reached XP level 11. HP: 62/67 MP: 14/14
 11240 | D:9      | Found a staircase to the Lair.
 11240 | D:9      | Noticed a death yak
 11240 | D:9      | Noticed a death yak
 11243 | D:9      | Noticed a death yak
 11291 | D:8      | Killed a death yak
 11351 | D:9      | Found a staircase to the Orcish Mines.
 11362 | D:9      | Received a gift from Okawaru
 11467 | D:9      | Reached skill level 10 in Stealth
 11701 | D:9      | Noticed Erolcha
 11712 | D:9      | Killed Erolcha
 11896 | D:9      | Found a white marble altar of Elyvilon.
 11896 | D:9      | Found a blossoming altar of Fedhas.
 11897 | D:9      | Found an ornate altar of the Wu Jian Council.
 11963 | D:9      | Killed a death yak
 11963 | D:9      | Received a gift from Okawaru
 12070 | D:9      | Killed a death yak
 12070 | D:9      | Reached ***** piety under Okawaru
 12074 | D:9      | Reached skill level 5 in Evocations
 12129 | D:10     | Entered Level 10 of the Dungeon
 12396 | D:10     | Reached XP level 12. HP: 75/75 MP: 16/16
 12439 | D:10     | Found Olotwysot's Food Emporium.
 12564 | D:10     | Killed an unseen horror
 12578 | D:10     | Killed an unseen horror
 12578 | D:10     | Received a gift from Okawaru
 12848 | D:10     | Reached skill level 11 in Stealth
 12875 | D:11     | Noticed a two-headed ogre
 12891 | D:11     | Killed a two-headed ogre
 12891 | D:11     | Reached skill level 10 in Short Blades
 12936 | D:11     | Identified the +11 trident of the Undead {speed, +Inv rElec
                  | rC- Int+4} (You found it on level 11 of the Dungeon)
 13138 | D:11     | Found a runed translucent gate.
 13140 | D:11     | Found a runed translucent gate.
 13141 | D:11     | Found a runed translucent gate.
 13142 | D:11     | Identified the +1 short sword "Naor" {elec, -Tele +Fly
                  | rPois Dex+9}
 13142 | D:11     | Noticed emiel's ghost (journeyman FoWn)
 13519 | D:11     | Found the ring of Shadows {Umbra +Inv Stlth+}
 13535 | D:11     | Noticed a two-headed ogre
 13536 | D:11     | Found a large runed translucent door.
 13537 | D:11     | Found a large runed translucent door.
 13538 | D:11     | Killed a two-headed ogre
 13538 | D:11     | Received a gift from Okawaru
 13538 | D:11     | Reached skill level 10 in Throwing
 13538 | D:11     | Reached skill level 10 in Dodging
 13548 | D:11     | Noticed a two-headed ogre
 13571 | D:11     | Killed a two-headed ogre
 14150 | D:12     | Reached XP level 13. HP: 80/80 MP: 18/18
 14490 | D:12     | Reached ****** piety under Okawaru
 14596 | D:12     | Reached skill level 12 in Stealth
 14681 | D:12     | Received a gift from Okawaru
 15438 | D:13     | Noticed a seven-headed hydra
 15448 | D:13     | Killed a seven-headed hydra
 15560 | D:13     | You fall into a shaft and drop 1 floor!
 15787 | D:14     | Noticed a centaur warrior
 15794 | D:14     | Killed a centaur warrior
 15851 | D:13     | Reached skill level 10 in Fighting
 16177 | D:13     | Received a gift from Okawaru
 16480 | D:14     | Identified the +5 leather armour of the Everdark {Str-4
                  | Int+5} (You found it on level 14 of the Dungeon)
 16496 | D:14     | You fall into a shaft and drop 1 floor!
 16496 | D:15     | Entered Level 15 of the Dungeon
 16569 | D:15     | HP: 2/82 [troll (13)]
 16895 | D:15     | Noticed a centaur warrior
 16895 | D:15     | Noticed a catoblepas
 16903 | D:15     | Killed a catoblepas
 16903 | D:15     | Received a gift from Okawaru
 16980 | D:14     | Noticed a centaur warrior
 16985 | D:14     | Killed a centaur warrior
 17166 | D:14     | Found a gate to the Vaults.
 17166 | D:14     | Noticed a vault guard
 17170 | D:14     | Killed a vault guard
 17170 | D:14     | Reached XP level 14. HP: 88/88 MP: 20/20
 17285 | D:15     | Reached skill level 13 in Stealth
 18534 | D:15     | Found a staircase to the Depths.
 18945 | Orc:1    | Entered Level 1 of the Orcish Mines
 19512 | Orc:2    | Entered Level 2 of the Orcish Mines
 19513 | Orc:2    | Found Geuhorch's Antique Weapon Boutique.
 19760 | Orc:2    | Received a gift from Okawaru
 19822 | Orc:2    | Found a shimmering blue altar of Sif Muna.
 19827 | Orc:2    | Found Kosmol's Antique Armour Shop.
 19828 | Orc:2    | Noticed an orc warlord
 19948 | Orc:2    | Bought a jewelled leather armour for 266 gold pieces
 19948 | Orc:2    | Identified the +0 leather armour of Eternal Night {rF+ rN+}
                  | (You bought it in a shop on level 2 of the Orcish Mines)
 20069 | Orc:2    | Found Anic's Jewellery Emporium.
 20315 | Orc:2    | Paralysed by an orc sorcerer for 6 turns
 20339 | Orc:1    | Paralysed by an orc sorcerer for 7 turns
 20622 | Orc:2    | Killed an orc warlord
 20760 | Orc:2    | Found a staircase to the Elven Halls.
 20810 | Orc:2    | Reached skill level 10 in Invocations
 20810 | Orc:2    | Reached XP level 15. HP: 94/94 MP: 22/22
 20920 | Orc:2    | Found Kawnaidd's General Store.
 21101 | Orc:2    | Bought the ring "Yczu" {rPois rF+ rC++} for 698 gold pieces
 21464 | Lair:1   | Entered Level 1 of the Lair of Beasts
 21513 | Lair:1   | Reached skill level 14 in Stealth
 22589 | Lair:2   | Found a staircase to the Shoals.
 22656 | Lair:2   | Received a gift from Okawaru
 22791 | Lair:2   | Found a staircase to the Snake Pit.
 22993 | Lair:2   | Noticed Erica
 23004 | Lair:2   | Killed Erica
 23555 | Lair:3   | Noticed Rupert
 23559 | Lair:3   | Killed Rupert
 23559 | Lair:3   | Received a gift from Okawaru
 23621 | Lair:3   | Found a frozen archway.
 23634 | IceCv    | Entered an ice cave
 24586 | Lair:3   | Got a translucent iron ring
 24587 | Lair:3   | Identified the ring of Xom's Righteous Fury {Ice +Blink
                  | rElec Dex-4 Slay+4} (You found it on level 3 of the Lair of
                  | Beasts)
 25123 | Lair:4   | Found a runed translucent door.
 25158 | Lair:4   | Noticed LostGamesStreakFreak's ghost (journeyman MfGl)
 25445 | Lair:4   | Reached skill level 10 in Evocations
 26250 | Lair:5   | Reached XP level 16. HP: 101/101 MP: 23/23
 26294 | Lair:5   | You fall into a shaft and drop 1 floor!
 26294 | Lair:6   | Entered Level 6 of the Lair of Beasts
 26328 | Lair:6   | Found a runed translucent door.
 26331 | Lair:6   | Reached skill level 15 in Stealth
 26339 | Lair:6   | Found a viscous altar of Jiyva.
 27109 | Lair:6   | Identified the Handbook of Confrontation and Air
 27164 | Lair:6   | Received a gift from Okawaru
 27268 | Lair:6   | Noticed Nessos
 27279 | Lair:6   | Killed Nessos
 27396 | Lair:6   | Received a gift from Okawaru
 27629 | Lair:6   | Received a gift from Okawaru
 27966 | Lair:6   | Received a gift from Okawaru
 28409 | Lair:6   | Found a staircase to the Slime Pits.
 28613 | Elf:1    | Entered Level 1 of the Elven Halls
 28639 | Elf:1    | Received a gift from Okawaru
 28694 | Elf:1    | Received a gift from Okawaru
 28937 | Elf:1    | Identified the +5 ring mail "Duip" {rN++ MR- Regen+ Dex+4}
                  | (You found it on level 1 of the Elven Halls)
 29270 | Elf:1    | Identified Vaariur's Tome of Sinister Magic
 29887 | Elf:2    | Noticed a deep elf sorcerer
 29888 | Elf:2    | Received a gift from Okawaru
 29889 | Elf:2    | Reached XP level 17. HP: 108/108 MP: 25/25
 29894 | Elf:2    | Reached skill level 16 in Stealth
 29963 | Elf:2    | Paralysed by a hornet for 2 turns
 30215 | Elf:2    | Found an ancient bone altar of Kikubaaqudgha.
 30392 | Elf:2    | Reached skill level 15 in Short Blades
 30803 | Elf:2    | Found a runed translucent door.
 30813 | Elf:2    | Found a runed translucent door.
 31317 | Elf:2    | Received a gift from Okawaru
 31352 | Elf:2    | Gained mutation: You are clumsy. (Dex -2) [mutagenic glow]
 31383 | Elf:2    | Gained mutation: You have a pair of small horns on your
                  | head. [mutagenic glow]
 31806 | Elf:2    | Received a gift from Okawaru
 32225 | Elf:3    | Entered Level 3 of the Elven Halls
 32235 | Elf:3    | Found Goash's Distillery.
 32242 | Elf:3    | Bought a potion of heal wounds for 75 gold pieces
 32242 | Elf:3    | Bought a potion of heal wounds for 75 gold pieces
 32242 | Elf:3    | Bought a potion of curing for 45 gold pieces
 32242 | Elf:3    | Bought a potion of heal wounds for 75 gold pieces
 32989 | Elf:3    | Found an ancient bone altar of Kikubaaqudgha.
 33019 | Elf:3    | Reached XP level 18. HP: 107/115 MP: 24/27
 33027 | Elf:3    | Reached skill level 17 in Stealth
 33260 | Elf:3    | Noticed a deep elf blademaster
 33267 | Elf:3    | Noticed a deep elf master archer
 33288 | Elf:3    | Killed a deep elf blademaster
 33294 | Elf:3    | Killed a deep elf master archer
 33416 | Elf:3    | Reached skill level 1 in Shields
 33424 | Elf:3    | HP: 1/116 [deep elf sorcerer/bolt of acid (45)]
 33424 | Elf:3    | Splashed by a deep elf sorcerer's acid

Levels and vault maps discovered:
D:1:      roderic_crossed_star, layout_basic
D:2:      minmay_wonky_spiral, layout_basic, serial_rivers,
          chequers_serial_rivers_micro_a, chequers_serial_rivers_micro_a,
          chequers_serial_rivers_small_a, chequers_serial_rivers_micro_c,
          chequers_serial_rivers_micro_c, chequers_serial_rivers_marsh,
          uniq_robin
D:3:      layout_basic, first_ration, minmay_misc_feat_diagonals, uniq_sigmund
D:4:      layout_loops_ring
D:5:      layout_basic, minmay_temple_entry_nine_rooms
D:6:      lemuel_castle_with_subvaults [lemuel_castle_interior_original],
          layout_basic, cheibrodos_sewer_entry_drain, uniq_pikel,
          uniq_eustachio, uniq_grinder
D:7:      layout_cave_pods, lemuel_round_altar, serial_shops,
          kennysheep_little_box, minmay_fractal_squares_diagonal_5, uniq_duvessa
D:8:      layout_basic
D:9:      layout_loops_ring, gammafunk_temple_overflow_claw, dpeg_lair_monsters,
          orc_david_3, uniq_erolcha
D:10:     layout_loops_ring, serial_shops, shop, grunt_pizzeria
D:11:     layout_long_grid, gammafunk_ghost_nasty_kobolds, jmf_multi_god_temple2
D:12:     layout_small_grid
D:13:     layout_grid_maze, kennysheep_generic_room_9
D:14:     layout_irregular_city, david_vaults_5, minivault_25
D:15:     gammafunk_enter_depths_forms, layout_layer_cave,
          minmay_misc_feat_four_crosses
Temple:   hc_temple_tempest_star
Lair:1:   layout_cave_pods
Lair:2:   layout_cave_shapes, elwin_shoals_entry_rooms, dummy_snake_entry,
          uniq_erica
Lair:3:   layout_loops_ring, portal_ice_cave_entry_pillars_1,
          serial_bayou_shore_b, lemuel_fruit_fields, uniq_rupert
Lair:4:   layout_regular_city, ebering_ghost_reflecting_pool
Lair:5:   layout_small_grid, serial_forest, infiniplex_forest_straight_2,
          infiniplex_forest_lined_room_3, infiniplex_forest_clump_tiny,
          infiniplex_forest_lined_room_2, infiniplex_forest_zigzag_2,
          infiniplex_forest_lined_3, infiniplex_forest_clump_small,
          infiniplex_forest_end_2, lemuel_fruit_tree
Lair:6:   hangedman_lair_tendril_chambers, layout_small_grid, slime_altar_2,
          uniq_nessos
Orc:1:    layout_caves
Orc:2:    grunt_orc_gardens, layout_caves, grunt_orc_garden, grunt_orc_garden,
          grunt_orc_garden, grunt_orc_garden, led_sif_book
Elf:1:    layout_gridlike, minmay_elf_necromancy
Elf:2:    layout_geoelf_diagonals, basic_altar
Elf:3:    minmay_elf_hall, layout_onion_city, serial_shops, shop, basic_altar

Skill      XL: |  1  2  3  4  5  6  7  8  9 10 11 12 13 14 15 16 17 18 |
---------------+-------------------------------------------------------+-----
Short Blades   | 1 2 4 5 7 8 9 10 11 12 13 14 15 | 15.7
Stealth        | 2 3 4 5 6 8 9 10 11 12 13 14 15 16 17 | 17.1
Dodging        | 3 4 5 7 8 9 10 11 12 13 14 | 14.9
Fighting       | 3 4 5 6 7 8 9 10 11 12 13 | 13.7
Throwing       | 5 6 7 8 9 10 11 12 13 14 | 14.2
Invocations    | 1 3 5 6 7 9 10 | 10.0
Evocations     | 3 5 6 7 8 10 11 12 | 12.0
Shields        | 1 |  1.0
Armour         | |  0.9

Action                   |  1- 3 |  4- 6 |  7- 9 | 10-12 | 13-15 | 16-18 || total
-------------------------+-------+-------+-------+-------+-------+-------++-------
Melee: Short sword       |    63 |    78 |       |       |       |       ||   141
       Dagger            |       |    39 |   220 |   662 |  1561 |   377 ||  2859
       Punch             |       |       |       |     1 |     1 |     2 ||     4
       Quick blade       |       |       |       |       |       |   551 ||   551
       Headbutt          |       |       |       |       |       |    12 ||    12
Throw: Boomerang         |     3 |    38 |    96 |   100 |   142 |   154 ||   533
       Dart              |     5 |    25 |     9 |    57 |    13 |       ||   109
       Throwing net      |       |       |       |       |     2 |       ||     2
Invok: Heroism           |       |       |       |     2 |     1 |     3 ||     6
       Finesse           |       |       |       |     1 |     1 |     3 ||     5
 Abil: Evoke Invisibilit |       |       |       |       |    16 |    20 ||    36
Evoke: Wand              |       |       |       |       |     4 |     2 ||     6
  Use: Potion            |     2 |       |       |       |     7 |     5 ||    14
       Scroll            |       |       |       |     8 |    16 |     6 ||    30
 Stab: Sleeping          |     4 |     6 |     8 |    39 |    73 |    45 ||   175
       Distracted        |       |       |       |     3 |     4 |     2 ||     9
       Invisible         |       |       |       |     1 |    42 |    73 ||   116
       Held in net/web   |       |       |       |       |     2 |       ||     2
  Eat: Chunk             |    11 |     8 |    12 |    21 |    44 |    31 ||   127
Armor: Leather armour    |    17 |    12 |     7 |       |       |       ||    36
       Ring mail         |       |       |    10 |       |       |       ||    10
       Troll leather arm |       |       |    10 |    47 |   151 |    78 ||   286
Dodge: Dodged            |    43 |    90 |   188 |   452 |  1197 |   521 ||  2491
Block: Buckler           |       |       |       |       |       |     3 ||     3

Table legend:
 A = Non-vault XP
 B = Vault XP
 C = Vault XP percentage of total XP
 D = Non-vault monster count
 E = Vault monster count
 F = Vault count percentage of total count
                 A         B        C        D         E       F
            +---------+---------+-------+---------+---------+-------
      Total |  133552 |   80946 |  37.7 |     670 |     267 |  28.5
            +---------+---------+-------+---------+---------+-------
        D:1 |      67 |       0 |   0.0 |      22 |       0 |   0.0
        D:2 |     112 |      54 |  32.5 |      24 |      16 |  40.0
        D:3 |     255 |     242 |  48.7 |      40 |       1 |   2.4
        D:4 |     202 |       0 |   0.0 |       9 |       0 |   0.0
        D:5 |     994 |       0 |   0.0 |      21 |       0 |   0.0
        D:6 |     582 |    1831 |  75.9 |      13 |      67 |  83.8
        D:7 |     859 |     376 |  30.4 |      15 |       6 |  28.6
        D:8 |    2704 |     857 |  24.1 |      34 |       1 |   2.9
        D:9 |     990 |    3893 |  79.7 |      17 |      13 |  43.3
       D:10 |    3668 |     192 |   5.0 |      31 |       1 |   3.1
       D:11 |    7900 |    1244 |  13.6 |      61 |       4 |   6.2
       D:12 |    5518 |       0 |   0.0 |      44 |       0 |   0.0
       D:13 |    3703 |       0 |   0.0 |      26 |       0 |   0.0
       D:14 |    6730 |    1013 |  13.1 |      14 |       1 |   6.7
       D:15 |    7532 |    4419 |  37.0 |      22 |      12 |  35.3
     Lair:1 |    1598 |       0 |   0.0 |       8 |       0 |   0.0
     Lair:2 |    7608 |     944 |  11.0 |      29 |       1 |   3.3
     Lair:3 |    2797 |    3132 |  52.8 |      14 |       1 |   6.7
     Lair:4 |    9953 |       0 |   0.0 |      34 |       0 |   0.0
     Lair:5 |    3769 |       0 |   0.0 |      16 |       0 |   0.0
     Lair:6 |    9290 |   11330 |  54.9 |      35 |      43 |  55.1
      Orc:1 |    2195 |     912 |  29.4 |      26 |       3 |  10.3
      Orc:2 |    4985 |   10350 |  67.5 |      33 |      26 |  44.1
      Elf:1 |   17445 |    4164 |  19.3 |      30 |      12 |  28.6
      Elf:2 |   20556 |   23618 |  53.5 |      34 |      30 |  46.9
      Elf:3 |   11540 |    6774 |  37.0 |      18 |       3 |  14.3
      Sewer |       0 |     143 | 100.0 |       0 |       6 | 100.0
      IceCv |       0 |    5458 | 100.0 |       0 |      20 | 100.0
            +---------+---------+-------+---------+---------+-------
